 Dungeon Sprint DCSS version 0.24.0-125-gc4c63601f3 (webtiles) character file.

Game seed: 13340772823971386580, levelgen mode: deterministic

686 Ponchio the Geomancer (level 7, -12/44 HPs)
             Began as a Deep Elf Earth Elementalist on Feb 21, 2020.
             Mangled by a tyrant leech (28 damage)
             ... in the Dungeon (Sprint II: "The Violet Keep of Menkaure").
             The game lasted 00:03:41 (464 turns).

Ponchio the Geomancer (Deep Elf Earth Elementalist)  Turns: 464, Time: 00:03:41

Health: -12/44     AC:  2    Str:  5    XL:     7   Next: 35%
Magic:  5/24       EV: 15    Int: 22    God:
Gold:   486        SH:  0    Dex: 15    Spells: 14/29 levels left

rFire    . . .     SeeInvis .   (no weapon)
rCold    . . .     Gourm    .   (no shield)
rNeg     . . .     Faith    .   c - +0 robe
rPois    .         Spirit   .   (no helmet)
rElec    .         Reflect  .   (no cloak)
rCorr    .         Harm     .   (no gloves)
MR       .....     NoTele   +   (no boots)
Stlth    ++........             (no amulet)
HPRegen  0.14/turn              (no ring)
MPRegen  0.19/turn              (no ring)

@: no status effects
A: no striking features
a: no special abilities


You were in the Dungeon.
You were not hungry.

You visited 1 branch You collected 486 gold pieces.

Inventory:

Missiles
 b - 19 stones (quivered)
Armour
 c - a +0 robe (worn)
Scrolls
 j - a scroll of blinking
Potions
 e - a potion of curing
 h - a potion of magic
 i - a potion of berserk rage
Comestibles
 d - a ration


   Skills:
 * Level 5.1 Fighting
 + Level 5.8 Dodging
 - Level 2.4 Stealth
 - Level 11.8 Spellcasting
 - Level 1.1 Transmutations
 - Level 12.1 Earth Magic


You had 14 spell levels left.
You knew the following spells:

 Your Spells              Type           Power        Failure   Level  Hunger
a - Sandblast             Erth           ######       1%          1    None
b - Passwall              Tmut/Erth      #####...     1%          2    None
c - Stone Arrow           Conj/Erth      #####.       1%          3    None
d - Petrify               Tmut/Erth      #####...     3%          4    None
e - Lee's Rapid Deconstr  Erth           ######....   1%          5    ####...

Your spell library contained the following spells:

 Spells                   Type           Power        Failure   Level  Hunger


Dungeon Overview and Level Annotations

Branches:
Dungeon (1/1)

Altars:


Message History

A rock wall.
The wall shatters!
The blast of rock fragments hits the tyrant leech!!
The tyrant leech is severely wounded.
The tyrant leech bites you!
* * * LOW HITPOINT WARNING * * *
The tyrant leech draws strength from your injuries!
You feel much better. The tyrant leech bites you!
The tyrant leech draws strength from your injuries!
Casting: Lee's Rapid Deconstruction (safe; 1% risk of failure)
Confirm with . or Enter, or press ? or * to list all spells.
Aiming: Lee's Rapid Deconstruction (safe; 1% risk of failure)
Press: ? - help, Dir - move target cursor A rock wall.
The wall shatters!
The blast of rock fragments hits the tyrant leech!
The tyrant leech is severely wounded.
The tyrant leech bites you!!
Ouch! That really hurt!
You die...

##.#รท## #
##'## w##
###.##...#
#+.<.'#
#.##)##..$#
#3 ##'##
.## #
##...## #
#..#w.#
##.@.##
##+##


You could see a tyrant leech.

Vanquished Creatures
  A merfolk siren (D)
  4 necrophages (D)
5 creatures vanquished.

Vanquished Creatures (others)
  A crocodile (D)
1 creature vanquished.

Grand Total: 6 creatures vanquished

Notes
Turn   | Place    | Note
-------+----------+-------------------------------------------
     0 | D        | Ponchio the Deep Elf Earth Elementalist began the quest for
                  | the Orb.
     0 | D        | Reached XP level 1. HP: 10/10 MP: 6/6
     1 | D        | Noticed a tyrant leech
     1 | D        | Noticed a tyrant leech
     5 | D        | Noticed a necrophage
     5 | D        | Noticed a necrophage
     5 | D        | Noticed a necrophage
     5 | D        | Noticed a necrophage
     9 | D        | Killed a necrophage
     9 | D        | Reached skill level 8 in Earth Magic
     9 | D        | Reached XP level 2. HP: 7/15 MP: 3/12
     9 | D        | Reached XP level 3. HP: 9/19 MP: 3/13
     9 | D        | Reached XP level 4. HP: 12/24 MP: 3/15
    11 | D        | Killed a necrophage
    11 | D        | Reached skill level 10 in Earth Magic
    11 | D        | Reached XP level 5. HP: 14/28 MP: 1/18
    15 | D        | Killed a necrophage
    15 | D        | Reached skill level 11 in Earth Magic
    17 | D        | Killed a necrophage
    17 | D        | Reached skill level 10 in Spellcasting
    17 | D        | Reached skill level 12 in Earth Magic
    17 | D        | Reached XP level 6. HP: 13/31 MP: 14/21
   272 | D        | Noticed a neqoxec
   276 | D        | Noticed a merfolk siren
   287 | D        | Learned a level 2 spell: Passwall
   291 | D        | Learned a level 3 spell: Stone Arrow
   296 | D        | Learned a level 4 spell: Petrify
   302 | D        | Learned a level 5 spell: Lee's Rapid Deconstruction
   311 | D        | Killed a merfolk siren
   311 | D        | Reached skill level 5 in Fighting
   311 | D        | Reached skill level 5 in Dodging
   311 | D        | Reached XP level 7. HP: 43/43 MP: 0/24
   464 | D        | Mangled by a tyrant leech

Levels and vault maps discovered:
D:        the_violet_keep_of_menkaure [sprint2_stairs_cluster_1,
          sprint2_shoproom, sprint2_temple, sprint2_basic_supplies,
          sprint2_obstacle_2, sprint2_obstacle_4, sprint2_obstacle_3,
          sprint2_obstacle_5, sprint2_obstacle_7, sprint2_timed_cluster_1,
          sprint2_smallroom_cluster_1, sprint2_smallroom_final_cluster_1,
          sprint2_transparent_cluster_1, sprint2_second_timed_cluster_1,
          sprint2_sniper_area_1, sprint2_heavy_combat_area_1,
          sprint2_mutation_trap_area_1, sprint2_forest_area_1,
          sprint2_light_combat_area_1, sprint2_behind_water_1,
          sprint2_near_end_vault_1]

Skill      XL: |  1  2  3  4  5  6 |
---------------+-------------------+-----
Spellcasting   | 7 8 10 11 | 11.8
Earth Magic    | 8 10 12 | 12.1
Fighting       | 5 |  5.1
Dodging        | 5 |  5.8
Stealth        | |  2.4
Transmutations | |  1.1

Action                   |  1- 3 |  4- 6 |  7- 9 || total
-------------------------+-------+-------+-------++-------
 Cast: Sandblast         |     2 |     8 |     1 ||    11
       Lee's Rapid Decon |       |     4 |     4 ||     8
  Use: Potion            |     1 |     1 |     1 ||     3
